 Dungeon Crawl Stone Soup version 0.26.1-2-gb8aa6d0cf2 (webtiles) character file.

Game seed: 7931283384656502544

32 RaHiT the Sneak (level 3, 0/26 HPs)
             Began as an Octopode Delver on Mar 23, 2021.
             Slain by a human zombie (7 damage)
             ... in an ossuary.
             The game lasted 00:04:09 (669 turns).

RaHiT the Sneak (Octopode Delver)                    Turns: 669, Time: 00:04:10

Health: 0/26       AC:  1    Str: 11    XL:     3   Next: 27%
Magic:  3/3        EV: 14    Int: 13    God:
Gold:   0          SH:  0    Dex: 13    Spells: 2/2 levels left

rFire    . . .     SeeInvis .     - Unarmed
rCold    . . .     Faith    .   (no shield)
rNeg     . . .     Spirit   .   (helmet restricted)
rPois    .         Reflect  .   (no amulet)
rElec    .         Harm     .   (no ring)
rCorr    .         Rampage  .   (no ring)
Will     .....                  (no ring)
Stlth    ++++......             (no ring)
HPRegen  0.08/turn              (no ring)
MPRegen  0.08/turn              (no ring)
                                (no ring)
                                (no ring)

@: no status effects
A: almost no armour, stealthy swim, amphibious, 8 rings, constrict 8, camouflage
1, gelatinous body 1
a: no special abilities


You were in an ossuary.
You visited 1 branch of the dungeon, and saw 3 of its levels.
You also visited: Ossuary.

Inventory:

Wands
 e - a wand of digging (3)
Scrolls
 a - a scroll of fog
 c - a scroll of fear
 f - a scroll of identify {unknown}
Potions
 d - a potion of haste


   Skills:
 - Level 3.0 Fighting
 - Level 3.0 Dodging
 - Level 7.0 Stealth
 * Level 2.4 Unarmed Combat


You had 2 spell levels left.
You didn't know any spells.
Your spell library was empty.

Dungeon Overview and Level Annotations

Branches:
Dungeon (6/15)            Ossuary (1/1)
 Temple: D:4-7

Altars:


Innate Abilities, Weirdness & Mutations

You cannot wear most types of armour.
You are very stealthy in the water. (Stealth+)
You are amphibious.
You can wear up to eight rings at the same time.
You can use your tentacles to constrict eight enemies at once.
Your skin changes colour to match your surroundings (Stealth+).
Your rubbery body absorbs attacks. (AC +1, EV +1)


Message History

You constrict the human zombie. You tentacle-slap the human zombie.
You squeeze the human zombie!
The human zombie is heavily damaged.
You constrict the human zombie. The human zombie hits you.
* * * LOW HITPOINT WARNING * * *
You tentacle-slap the human zombie but do no damage.
You squeeze the human zombie.
The human zombie is heavily damaged.
You constrict the human zombie. The human zombie closely misses you.
You tentacle-slap the human zombie but do no damage.
The human zombie is heavily damaged.
You constrict the human zombie.
The human zombie hits you but does no damage.
You barely miss the human zombie. You tentacle-slap the human zombie.
The human zombie is severely damaged.
You constrict the human zombie. You tentacle-slap the human zombie.
The human zombie is severely damaged.
You constrict the human zombie. The human zombie hits you!
You die...

######################
#....................#
#....................#
#....#'#......###....#
#...##.##....## ##...#
#...#...#....# #...#
#...###@#....# #...#
#..## #Z##..## ##..#
#..# #..#..# #..# #∩.#
#..#..# #..# #..#
....#..# #..#
#..#Z.####Z.# #..#
#∩.#.Z #..# .Z# #..#.
#..# #..# #..## ##..##
##..#


You could see a human zombie.

Vanquished Creatures
  A hound zombie (Ossuary)
  An adder zombie (Ossuary)
  A gnoll zombie (Ossuary)
  2 goblin zombies (Ossuary)
  2 hobgoblin zombies (Ossuary)
  2 jackal zombies (Ossuary)
  5 kobold zombies (Ossuary)
  2 quokka zombies (Ossuary)
  6 rat zombies (Ossuary)
22 creatures vanquished.

Notes
Turn   | Place    | Note
-------+----------+-------------------------------------------
     0 | D:5      | RaHiT the Octopode Delver began the quest for the Orb.
     0 | D:5      | Reached XP level 1. HP: 16/16 MP: 1/1
     7 | D:5      | Noticed a necrophage
    33 | D:4      | Found a sand-covered staircase.
    41 | Ossuary  | Entered an ossuary
   136 | Ossuary  | Reached XP level 2. HP: 7/21 MP: 2/2
   519 | Ossuary  | Reached skill level 7 in Stealth
   519 | Ossuary  | Reached XP level 3. HP: 16/26 MP: 3/3
   669 | Ossuary  | Slain by a human zombie

Illustrated notes

Levels and vault maps discovered:
D:4:      layout_loops_ring, serial_shops, shop, shop,
          nicolae_ossuary_entry_plus, uniq_blork_the_orc, uniq_edmund, uniq_ijyb
D:5:      layout_cave_pools, kennysheep_little_box, tso_oasis_becter,
          kiku_gazebo_pond_becter, uniq_menkaure, uniq_duvessa, uniq_sigmund
D:6:      layout_loops_corners, nicolae_gozag_seed_capital, minmay_crossroads
Ossuary:  minmay_ossuary_two_tombs

Skill      XL: |  1  2 |
---------------+-------+-----
Dodging        | 3 |  3.0
Stealth        | 7 |  7.0
Fighting       | |  3.0
Unarmed Combat | |  2.4

Action                   || total
-------------------------++-------
Melee: Unarmed           ||    64
       Constrict         ||    22
       Tentacles         ||    16
       Punch             ||     4
  Use: Scroll            ||     1
 Stab: Sleeping          ||     1
Armor: Skin              ||     4
Dodge: Dodged            ||    17
